[Event "2nd FIDE WCC Rapid G12"]
[Site "Minsk"]
[Date "2018.06.22"]
[Round "2"]
[White "Misiuk, Monika"]
[Black "Blokhin, Sofia"]
[Result "1-0"]
[ECO "D35"]
[WhiteElo "1288"]
[BlackElo "1500"]
[Annotator "NA RC"]
[PlyCount "139"]
[EventDate "2018.06.22"]
[EventType "rapid"]
[EventCountry "BLR"]
[SourceTitle "playchess.com"]
[Source "ChessBase"]
[SourceQuality "1"]
[TimeControl "600+5"]

1. d4 d5 2. c4 e6 3. Nc3 Nf6 4. e3 Be7 5. Bd3 b6 6. Nf3 Nbd7 7. O-O Bb7 8. b3 c5 9. cxd5 exd5 10. Bb2 Rc8 11. dxc5 bxc5 12. Be2 O-O 13. Rc1 Nb6 14. Qd2 Ne4 15. Nxe4 dxe4 16. Qxd8 Rcxd8 17. Ne1 Rd2 18. Rc2 Rfd8 19. Bc3 Rxc2 20. Nxc2 Nd5 21. Bb2 Nb6 22. Rd1 Rc8 23. h3 g6 24. Bg4 f5 25. Be2 Bd5 26. Na3 c4 27. Nxc4 Bxc4 28. Bxc4+ Nxc4 29. bxc4 Rxc4 30. Rd7 Kf8 31. Rxa7 Ke8 32. g3 Rc2 33. Bd4 Rc1+ 34. Kg2 Rc2 35. a4 Ra2 36. a5 Ra4 37. Bb6 Ra2 38. h4 h6 39. a6 g5 40. hxg5 hxg5 41. Bd4 Ra4 42. Ra8+ Kd7 43. a7 Bb4 44. Rg8 Bc3 45. a8=Q Rxa8 46. Rxa8 Bxd4 47. exd4 Ke6 48. Ra4 Kd5 49. Kf1 f4 50. gxf4 gxf4 51. Ke2 Ke6 52. Ra5 Kd6 53. d5 Kd7 54. Ra6 Kc7 55. Rh6 Kd7 56. d6 Kd8 57. Rh7 Ke8 58. d7+ Kd8 59. Kd2 e3+ 60. fxe3 fxe3+ 61. Kxe3 Kc7 62. d8=N+ Kxd8 63. Kd4 Ke8 64. Ke5 Kf8 65. Ke6 Kg8 66. Ra7 Kf8 67. Rb7 Kg8 68. Kf6 Kh8 69. Kg6 Kg8 70. Rb8# 1-0

[Event "2nd FIDE WCC Rapid G12"]
[Site "Minsk"]
[Date "2018.06.22"]
[Round "3"]
[White "Krupnova, Anna"]
[Black "Thai, Ngoc Tuong Minh"]
[Result "1-0"]
[ECO "D02"]
[WhiteElo "1761"]
[BlackElo "1384"]
[Annotator "NA RC"]
[PlyCount "123"]
[EventDate "2018.06.22"]
[EventType "rapid"]
[EventCountry "BLR"]
[SourceTitle "playchess.com"]
[Source "ChessBase"]
[SourceQuality "1"]
[TimeControl "600+5"]

1. d4 d5 2. Nf3 Nf6 3. g3 c5 4. Bg2 Bf5 5. O-O Nc6 6. c4 e6 7. Nc3 dxc4 8. Qa4 Qd7 9. dxc5 Nd5 10. Qxc4 Nxc3 11. Qxc3 O-O-O 12. Bf4 f6 13. b4 e5 14. Be3 e4 15. Nd2 Qd5 16. a4 Nd4 17. Rfe1 Kb8 18. Rad1 Ne6 19. h3 Nd4 20. Bxd4 Qxd4 21. Nxe4 Qxc3 22. Rxd8+ Kc7 23. Nxc3 Kxd8 24. Rd1+ Kc7 25. e4 Be6 26. Nd5+ Kc6 27. f4 f5 28. exf5 Bxf5 29. Ne7+ Kc7 30. Nxf5 g6 31. Nd6 Bg7 32. Bxb7 Bc3 33. Nb5+ Kxb7 34. Nxc3 a5 35. b5 Re8 36. Kf2 Re7 37. Rd6 Rc7 38. c6+ Kc8 39. Nd5 Rf7 40. Nb6+ Kb8 41. Rd7 Rxd7 42. Nxd7+ Kc7 43. Ke3 Kc8 44. b6 h6 45. b7+ Kc7 46. b8=Q+ Kxc6 47. Ne5+ Kc5 48. Qb5+ Kd6 49. Qc6+ Ke7 50. Nxg6+ Kf7 51. Ne5+ Ke7 52. Qc5+ Ke6 53. f5+ Kxf5 54. Nf3+ Kf6 55. Qe5+ Kg6 56. Nh4+ Kf7 57. Kf4 Kg8 58. Kf5 h5 59. Kg6 Kf8 60. Qd6+ Ke8 61. Qc7 Kf8 62. Qf7# 1-0

[Event "2nd FIDE WCC Rapid G12"]
[Site "Minsk"]
[Date "2018.06.22"]
[Round "3"]
[White "Tarasenka, Aliaksandra"]
[Black "Misiuk, Monika"]
[Result "1-0"]
[ECO "B22"]
[WhiteElo "1747"]
[BlackElo "1288"]
[Annotator "NA RC"]
[PlyCount "41"]
[EventDate "2018.06.22"]
[EventType "rapid"]
[EventCountry "BLR"]
[SourceTitle "playchess.com"]
[Source "ChessBase"]
[SourceQuality "1"]
[TimeControl "600+5"]

1. e4 c5 2. c3 g6 3. Nf3 Bg7 4. Bc4 e6 5. d4 cxd4 6. cxd4 d5 7. exd5 exd5 8. Bb3 Nf6 9. O-O O-O 10. Nc3 Nc6 11. Bg5 Be6 12. Qd3 h6 13. Bf4 Rc8 14. Rfe1 Re8 15. Rad1 a6 16. Ne5 Bf5 17. Qd2 h5 18. Bg5 Ne7 19. Qf4 Qd6 20. Nxg6 Bxg6 21. Qxd6 1-0

[Event "2nd FIDE WCC Rapid G12"]
[Site "Minsk"]
[Date "2018.06.22"]
[Round "3"]
[White "Omonova, Umida"]
[Black "Nguyen, Linh Dan"]
[Result "1-0"]
[ECO "B33"]
[WhiteElo "1733"]
[BlackElo "1325"]
[Annotator "NA RC"]
[PlyCount "97"]
[EventDate "2018.06.22"]
[EventType "rapid"]
[EventCountry "BLR"]
[SourceTitle "playchess.com"]
[Source "ChessBase"]
[SourceQuality "1"]
[TimeControl "600+5"]

1. e4 c5 2. Nf3 Nc6 3. d4 cxd4 4. Nxd4 Nf6 5. Nc3 e5 6. Ndb5 d6 7. Bg5 a6 8. Na3 b5 9. Nd5 Be7 10. Bxf6 Bxf6 11. c4 b4 12. Nc2 a5 13. g3 Bg5 14. Bg2 O-O 15. O-O Be6 16. b3 Ne7 17. Qd3 Bxd5 18. exd5 f5 19. Rad1 Rc8 20. Kh1 Ng6 21. h4 e4 22. Qe2 Bf6 23. f3 exf3 24. Qxf3 Be5 25. Bh3 Ne7 26. Ne1 Ra8 27. Nd3 Ra6 28. Rfe1 Ng6 29. h5 Bc3 30. hxg6 Bxe1 31. gxh7+ Kxh7 32. Bxf5+ Kh6 33. Rxe1 Qg5 34. g4 g6 35. Re6 Kg7 36. Nf4 Qh4+ 37. Kg2 gxf5 38. Nh5+ Kh7 39. gxf5 Qg5+ 40. Ng3 Ra7 41. Rg6 Qh4 42. Rg4 Qh6 43. Rg6 Qh4 44. Rg4 Qh6 45. Qe4 Qd2+ 46. Kh3 Rf6 47. Nh5 Rh6 48. f6+ Kh8 49. Qe8+ 1-0

[Event "2nd FIDE WCC Rapid G12"]
[Site "Minsk"]
[Date "2018.06.22"]
[Round "3"]
[White "Fedoricheva, Ekaterina"]
[Black "Zavivaeva, Emilia"]
[Result "0-1"]
[ECO "A04"]
[WhiteElo "1544"]
[BlackElo "1556"]
[Annotator "NA RC"]
[PlyCount "112"]
[EventDate "2018.06.22"]
[EventType "rapid"]
[EventCountry "BLR"]
[SourceTitle "playchess.com"]
[Source "ChessBase"]
[SourceQuality "1"]
[TimeControl "600+5"]

1. Nf3 a6 2. g3 b5 3. Bg2 Bb7 4. O-O e6 5. d3 c5 6. Nbd2 Nf6 7. e4 Be7 8. Re1 O-O 9. c3 d5 10. exd5 Nxd5 11. Ne4 Qc7 12. Be3 Nxe3 13. Rxe3 Nc6 14. Qc2 Rad8 15. Rd1 Rd7 16. a3 Rfd8 17. Ree1 Na5 18. Bf1 Bd5 19. Ned2 Bf6 20. b4 cxb4 21. axb4 Nc6 22. Nb3 Nxb4 23. Qb1 Qxc3 24. Nbd2 Ba2 25. Qc1 Qxc1 26. Rxc1 Nxd3 27. Bxd3 Rxd3 28. Rc6 Bd5 29. Rxa6 Bxf3 30. Nxf3 Rxf3 31. Rb1 h5 32. Kg2 Rfd3 33. Rxb5 g6 34. Rb7 R3d7 35. Rb3 Kg7 36. h4 Rd2 37. Ra7 Rxf2+ 38. Kxf2 Bd4+ 39. Kf3 Bxa7 40. Rb7 Bd4 41. Rb3 Bf6 42. Ke4 Rd4+ 43. Kf3 Rg4 44. Ra3 Be5 45. Kf2 Bd6 46. Rd3 Bc5+ 47. Kf3 e5 48. Rd5 e4+ 49. Kg2 Bb6 50. Rd6 Rxg3+ 51. Kf1 Rb3 52. Ke2 e3 53. Rc6 Rb2+ 54. Ke1 Ba5+ 55. Kf1 e2+ 56. Kg1 e1=Q# 0-1

[Event "2nd FIDE WCC Rapid G12"]
[Site "Minsk"]
[Date "2018.06.22"]
[Round "3"]
[White "Korovina, Yana"]
[Black "Osmolovska, Yevheniia"]
[Result "0-1"]
[ECO "B40"]
[WhiteElo "1525"]
[BlackElo "1391"]
[Annotator "NA RC"]
[PlyCount "108"]
[EventDate "2018.06.22"]
[EventType "rapid"]
[EventCountry "BLR"]
[SourceTitle "playchess.com"]
[Source "ChessBase"]
[SourceQuality "1"]
[TimeControl "600+5"]

1. e4 c5 2. Nf3 e6 3. d3 Nf6 4. Nbd2 d5 5. g3 Nc6 6. Bg2 d4 7. O-O Bd6 8. Re1 e5 9. Nc4 Bc7 10. Bg5 b5 11. Ncd2 h6 12. Bxf6 Qxf6 13. Nb3 Qe7 14. a4 b4 15. Nbd2 Ba6 16. b3 g5 17. Nc4 O-O-O 18. Nfd2 Rdg8 19. Qg4+ Kb8 20. Qf3 h5 21. Qe2 g4 22. Rf1 h4 23. Rab1 Bc8 24. f4 hxg3 25. hxg3 f6 26. f5 Rg5 27. Ra1 a5 28. Rab1 Qg7 29. Ra1 Rgh5 30. Rab1 Nd8 31. Ra1 Nf7 32. Rab1 Ng5 33. Qxg4 Nh3+ 34. Bxh3 Qh6 35. Bg2 Rg5 36. Qf3 Rhg8 37. Kf2 Qg7 38. Bh1 Rxg3 39. Qe2 Qh6 40. Ke1 Rg1 41. Kd1 Qxh1 42. Kc1 Rxf1+ 43. Nxf1 Rg1 44. Kb2 Ba6 45. Rd1 Rg2 46. Qe1 Bxc4 47. dxc4 Rg1 48. Qe2 Bd8 49. Qf2 Rg2 50. Qe1 Rg1 51. Qf2 d3 52. Rxd3 Rxf1 53. Rxd8+ Kc7 54. Qd2 Rb1+ 0-1

[Event "2nd FIDE WCC Rapid G12"]
[Site "Minsk"]
[Date "2018.06.22"]
[Round "3"]
[White "Khabibullaeva, Mokhinur"]
[Black "Cherepanova, Evita"]
[Result "1-0"]
[ECO "E68"]
[WhiteElo "1462"]
[BlackElo "1604"]
[Annotator "NA RC"]
[PlyCount "47"]
[EventDate "2018.06.22"]
[EventType "rapid"]
[EventCountry "BLR"]
[SourceTitle "playchess.com"]
[Source "ChessBase"]
[SourceQuality "1"]
[TimeControl "600+5"]

1. d4 Nf6 2. Nf3 g6 3. g3 Bg7 4. Bg2 d6 5. O-O O-O 6. c4 Nbd7 7. Nc3 e5 8. e4 exd4 9. Nxd4 Re8 10. h3 Nc5 11. Re1 a5 12. b3 Nfd7 13. Be3 Ne5 14. f4 Nc6 15. Nxc6 bxc6 16. Bd4 Bxd4+ 17. Qxd4 Bd7 18. Rad1 Qc8 19. Kh2 Qb8 20. e5 dxe5 21. Qxc5 Rd8 22. Qxe5 Bf5 23. Qf6 Ra6 24. Rxd8+ 1-0

[Event "2nd FIDE WCC Rapid G12"]
[Site "Minsk"]
[Date "2018.06.22"]
[Round "3"]
[White "Shaban, Aliaksandra"]
[Black "Shokirjonova, Barchinoy"]
[Result "0-1"]
[ECO "E00"]
[WhiteElo "1425"]
[BlackElo "1247"]
[Annotator "NA RC"]
[PlyCount "60"]
[EventDate "2018.06.22"]
[EventType "rapid"]
[EventCountry "BLR"]
[SourceTitle "playchess.com"]
[Source "ChessBase"]
[SourceQuality "1"]
[TimeControl "600+5"]

1. d4 Nf6 2. c4 e6 3. e3 c5 4. Nf3 Nc6 5. Nc3 d5 6. cxd5 exd5 7. dxc5 Bxc5 8. Be2 O-O 9. O-O Be6 10. a3 a5 11. Na4 Bd6 12. Nd4 Bc7 13. Nc5 Qd6 14. g3 Qxc5 15. Nxe6 fxe6 16. Bd2 Ne4 17. Rc1 Qe7 18. Be1 Bb6 19. Qb3 Ba7 20. Bb5 Ne5 21. Be2 Nf3+ 22. Bxf3 Rxf3 23. Qd1 Raf8 24. Bxa5 Nxf2 25. Qe2 Qf6 26. Kg2 Qh6 27. Qxf3 Rxf3 28. Kxf3 Qxe3+ 29. Kg2 Qe4+ 30. Kg1 Qh1# 0-1

[Event "2nd FIDE WCC Rapid G12"]
[Site "Minsk"]
[Date "2018.06.22"]
[Round "3"]
[White "Dubovik, Maria"]
[Black "Gaal, Zsoka"]
[Result "0-1"]
[ECO "B03"]
[WhiteElo "1408"]
[BlackElo "2060"]
[Annotator "NA RC"]
[PlyCount "126"]
[EventDate "2018.06.22"]
[EventType "rapid"]
[EventCountry "BLR"]
[SourceTitle "playchess.com"]
[Source "ChessBase"]
[SourceQuality "1"]
[TimeControl "600+5"]

1. e4 Nf6 2. e5 Nd5 3. d4 d6 4. c4 Nb6 5. exd6 cxd6 6. a4 {[%emt 0:00:12] B03: Alekhine's Defence: Four Pawns Attack} (6. Nc3 g6 7. Be3 Bg7 8. Rc1 O-O 9. b3 Bf5 10. d5 e5 11. dxe6 Bxe6 12. Nge2 d5 13. c5 Nc6 14. Nd4 Bxd4 15. Bxd4 Re8 16. cxb6 Qh4 17. Ne2 axb6 {1-0 (38) Xiong,J (2618)-Kamsky,G (2678) Saint Louis 2016 CBM 172 [Mekhitarian,K]}) 6... a5 7. b3 $146 ({Predecessor:} 7. Nc3 g6 8. Be3 Bg7 9. Rc1 O-O 10. Nf3 Bg4 11. b3 d5 12. Nb5 dxc4 13. bxc4 Nc6 {½-½ (114) Mortensen,E (2470)-Baburin,A (2520) Copenhagen 1994}) 7... g6 8. Bb2 Bg7 9. Nf3 Nc6 10. Be2 Bg4 11. O-O O-O 12. h3 Bxf3 13. Bxf3 d5 14. c5 Nc8 15. Na3 e6 16. Nc2 N8e7 17. Ne3 b6 18. cxb6 Qxb6 19. h4 Nxd4 20. Rb1 Nxf3+ 21. Qxf3 Bxb2 22. Rxb2 Qd4 23. Rbb1 Qxh4 24. g3 Qe4 25. Qxe4 dxe4 26. Ng4 f5 27. Ne5 Nd5 28. Rbc1 Rfc8 29. Kh2 e3 30. fxe3 Nxe3 31. Rfe1 Rxc1 32. Rxc1 Ng4+ 33. Nxg4 fxg4 34. Rc4 h5 35. Rc5 Kf7 36. Kg2 Kf6 37. Kf2 g5 38. Kg2 h4 39. gxh4 gxh4 40. Rh5 h3+ 41. Kg3 Rb8 42. Kxg4 Rxb3 43. Rxa5 Kg6 44. Rg5+ Kf6 45. Rh5 Rb4+ 46. Kxh3 Rxa4 47. Kg3 e5 48. Kf3 Ke6 49. Rh8 Kd5 50. Ke3 Ra3+ 51. Kd2 Kd4 52. Rd8+ Ke4 53. Ke2 Ra2+ 54. Kd1 (54. Kf1 $1 $11 {remains equal.}) 54... Ke3 55. Rb8 e4 56. Rb3+ Kf2 57. Rb8 $19 Ra1+ 58. Kd2 e3+ 59. Kd3 e2 60. Rf8+ Ke1 61. Re8 Ra3+ 62. Kc2 Kf2 63. Rf8+ Rf3 0-1

[Event "2nd FIDE WCC Rapid G12"]
[Site "Minsk"]
[Date "2018.06.22"]
[Round "3"]
[White "Kaliakhmet, Eldana"]
[Black "Dubovyk, Anastasiia"]
[Result "0-1"]
[ECO "B77"]
[WhiteElo "1360"]
[BlackElo "1721"]
[Annotator "NA RC"]
[PlyCount "74"]
[EventDate "2018.06.22"]
[EventType "rapid"]
[EventCountry "BLR"]
[SourceTitle "playchess.com"]
[Source "ChessBase"]
[SourceQuality "1"]
[TimeControl "600+5"]

1. e4 c5 2. Nf3 d6 3. d4 cxd4 4. Nxd4 Nf6 5. Nc3 g6 6. Be3 Bg7 7. f3 O-O 8. Bc4 Nc6 9. Qd2 Bd7 10. Bb3 Rc8 11. h4 h5 12. Bh6 Bxh6 13. Qxh6 Nxd4 14. Qxg6+ Kh8 15. Bxf7 Rxf7 16. Qxf7 Nxc2+ 17. Kd2 Nxa1 18. Rxa1 Qf8 19. Qg6 Qg7 20. Qg5 Rc5 21. Qxg7+ Kxg7 22. b4 Rc4 23. a3 b5 24. Kd3 a6 25. Re1 Be6 26. g3 Nd7 27. f4 Rc8 28. Kd4 Nb6 29. e5 Rc4+ 30. Kd3 Bf5+ 31. Kd2 d5 32. Re3 d4 33. Rf3 dxc3+ 34. Kc1 Nd5 35. Rf2 Re4 36. Rf1 Re2 37. Rg1 Rb2 0-1

[Event "2nd FIDE WCC Rapid G12"]
[Site "Minsk"]
[Date "2018.06.22"]
[Round "3"]
[White "Dallemura, Anna"]
[Black "Lomakina, Anzhelika"]
[Result "1-0"]
[ECO "C67"]
[WhiteElo "1350"]
[BlackElo "1627"]
[Annotator "NA RC"]
[PlyCount "127"]
[EventDate "2018.06.22"]
[EventType "rapid"]
[EventCountry "BLR"]
[SourceTitle "playchess.com"]
[Source "ChessBase"]
[SourceQuality "1"]
[TimeControl "600+5"]

1. e4 e5 2. Nf3 Nc6 3. Bb5 Nf6 4. O-O Nxe4 5. Re1 Nd6 6. Bxc6 dxc6 7. Nxe5 Be7 8. d4 O-O 9. Nc3 Nf5 10. Be3 Be6 11. h3 Bg5 12. Nf3 Bf6 13. Qd2 Bd5 14. Nxd5 cxd5 15. Bf4 Qd7 16. Rad1 Rfe8 17. Be5 Qc6 18. c3 Bxe5 19. dxe5 Rad8 20. Nd4 Qg6 21. Qd3 Nxd4 22. Qxg6 Nf3+ 23. gxf3 hxg6 24. f4 Re6 25. Kf1 Ra6 26. a3 Rb6 27. Rd2 c6 28. Red1 Re8 29. Re1 Rb5 30. Ree2 b6 31. Rd4 Rd8 32. Red2 Kf8 33. c4 Ra5 34. cxd5 Raxd5 35. Rxd5 Rxd5 36. Rxd5 cxd5 37. Ke2 Ke7 38. Kd3 Ke6 39. Kd4 a6 40. h4 Kf5 41. Kxd5 Kxf4 42. Kc6 b5 43. Kb6 Kxe5 44. Kxa6 f5 45. Kxb5 f4 46. a4 Ke4 47. a5 Kf3 48. a6 Kxf2 49. a7 f3 50. a8=Q Kg3 51. Qc6 f2 52. Qh1 f1=Q+ 53. Qxf1 Kxh4 54. Qg2 g5 55. Kc4 g4 56. Kd4 g3 57. Ke4 g5 58. Kf3 g4+ 59. Kf4 Kh5 60. Qxg3 Kh6 61. Kf5 Kh7 62. Qxg4 Kh8 63. Kf6 Kh7 64. Qg7# 1-0

[Event "2nd FIDE WCC Rapid G12"]
[Site "Minsk"]
[Date "2018.06.22"]
[Round "4"]
[White "Gaal, Zsoka"]
[Black "Khabibullaeva, Mokhinur"]
[Result "0-1"]
[ECO "A05"]
[WhiteElo "2060"]
[BlackElo "1462"]
[Annotator "NA RC"]
[PlyCount "102"]
[EventDate "2018.06.22"]
[EventType "rapid"]
[EventCountry "BLR"]
[SourceTitle "playchess.com"]
[Source "ChessBase"]
[SourceQuality "1"]
[TimeControl "600+5"]

1. Nf3 Nf6 2. g3 g6 3. Bg2 Bg7 4. d4 d6 5. O-O O-O 6. b3 Nc6 7. Bb2 a5 8. a3 e6 9. c4 Bd7 10. Nc3 Rb8 11. Rc1 Na7 12. b4 b5 13. c5 axb4 14. axb4 Nc6 15. Qb3 Qe7 16. Rfd1 Rfd8 17. e4 Be8 18. d5 exd5 19. exd5 Ne5 20. Nxe5 dxe5 21. Re1 Bd7 22. c6 Bf5 23. f4 e4 24. Ne2 Nxd5 25. Bxg7 Kxg7 26. Nd4 Qxb4 27. Qxb4 Nxb4 28. Nb3 Nd3 29. Rcd1 Nxe1 30. Rxe1 Re8 31. Nc5 e3 32. Na6 Rbc8 33. h3 Re7 34. g4 Bc2 35. Nb4 Bb3 36. Bf1 Bc4 37. Bxc4 bxc4 38. Nd5 Re4 39. Kg2 Rd8 40. Kf3 Re6 41. Nxc7 Rxc6 42. Nb5 c3 43. Kxe3 Re8+ 44. Kf2 Rxe1 45. Kxe1 c2 46. Nd4 c1=Q+ 47. Ke2 Rc2+ 48. Kd3 Qd2+ 49. Ke4 Rc4 50. Kf3 Rxd4 51. f5 Qf4+ 0-1

[Event "2nd FIDE WCC Rapid G12"]
[Site "Minsk"]
[Date "2018.06.22"]
[Round "4"]
[White "Alekseenko, Mariya"]
[Black "Kastanieda, Alla"]
[Result "1-0"]
[ECO "A05"]
[WhiteElo "1763"]
[BlackElo "1379"]
[Annotator "NA"]
[PlyCount "93"]
[EventDate "2018.06.22"]
[EventType "rapid"]
[EventCountry "BLR"]
[SourceTitle "playchess.com"]
[Source "ChessBase"]
[SourceQuality "1"]
[TimeControl "600+5"]

1. Nf3 Nf6 2. g3 d5 3. Bg2 c6 4. O-O Nbd7 5. d3 e5 6. Nbd2 Be7 7. b3 O-O 8. Bb2 Qc7 9. c4 Qb8 10. Qc2 Re8 11. e4 d4 12. a3 c5 13. h3 Nf8 14. Kh2 Bd7 15. Rae1 Ng6 16. Bc1 Bf8 17. Ng1 h6 18. Ne2 Bd6 19. Nf3 a6 20. Kh1 Qc8 21. Nfg1 a5 22. a4 b6 23. f4 Nh7 24. f5 Nh8 25. g4 Be7 26. Nf3 Qd8 27. Nxe5 Bh4 28. Nxd7 Bxe1 29. Rxe1 Qxd7 30. Nf4 Qd6 31. e5 Qe7 32. Bxa8 Rxa8 33. Nd5 Qh4 34. Rg1 Qxh3+ 35. Qh2 Qxd3 36. e6 fxe6 37. fxe6 Qxb3 38. Rf1 Re8 39. Nc7 Re7 40. Bf4 Qd3 41. Qg2 Nf6 42. Bd6 Rxe6 43. Nxe6 Qxc4 44. Nxg7 Kxg7 45. Be5 h5 46. Rxf6 Qc1+ 47. Rf1+ 1-0

[Event "2nd FIDE WCC Rapid G12"]
[Site "Minsk"]
[Date "2018.06.22"]
[Round "4"]
[White "Cherepanova, Evita"]
[Black "Yaroshenko, Sofiya"]
[Result "1-0"]
[ECO "C05"]
[WhiteElo "1604"]
[BlackElo "1540"]
[Annotator "NA"]
[PlyCount "89"]
[EventDate "2018.06.22"]
[EventType "rapid"]
[EventCountry "BLR"]
[SourceTitle "playchess.com"]
[Source "ChessBase"]
[SourceQuality "1"]
[TimeControl "600+5"]

1. e4 e6 2. d4 d5 3. Nd2 Nf6 4. e5 Nfd7 5. Bd3 Be7 6. Ne2 O-O 7. O-O c5 8. c3 Nc6 9. Nf3 h6 10. h3 a6 11. a4 b6 12. Ne1 Bb7 13. f4 cxd4 14. cxd4 Nb4 15. Bb1 a5 16. f5 exf5 17. Bxf5 Ba6 18. Rf3 Nb8 19. Nf4 N8c6 20. e6 Qd6 21. exf7+ Kh8 22. Ng6+ Kh7 23. Nxf8+ Kh8 24. Ng6+ Kh7 25. Nxe7+ g6 26. Nxg6 Kg7 27. f8=Q+ Rxf8 28. Nxf8 Qxf8 29. Rg3+ Kh8 30. Rf3 Qg7 31. Rf4 Ne7 32. Qh5 Ng8 33. Rg4 Qf6 34. Nf3 Be2 35. Qg6 Qxg6 36. Rxg6 Bxf3 37. gxf3 Ne7 38. Rxh6+ Kg7 39. Bd7 Nd3 40. Rxb6 Ng6 41. Bf5 Ne7 42. Bh6+ Kf7 43. Be6+ Kg6 44. Bxd5+ Kf5 45. Be4# 1-0

[Event "2nd FIDE WCC Rapid G12"]
[Site "Minsk"]
[Date "2018.06.22"]
[Round "4"]
[White "Zavivaeva, Emilia"]
[Black "Tarasenka, Aliaksandra"]
[Result "1/2-1/2"]
[ECO "B13"]
[WhiteElo "1556"]
[BlackElo "1747"]
[Annotator "NA RC"]
[PlyCount "150"]
[EventDate "2018.06.22"]
[EventType "rapid"]
[EventCountry "BLR"]
[SourceTitle "playchess.com"]
[Source "ChessBase"]
[SourceQuality "1"]
[TimeControl "600+5"]

1. e4 c6 2. d4 d5 3. exd5 cxd5 4. Bd3 Nc6 5. c3 g6 6. Bf4 Bg7 7. Nd2 Nh6 8. Ngf3 f6 9. Qc2 Nf7 10. O-O e5 11. Rfe1 O-O 12. dxe5 fxe5 13. Bg3 e4 14. Nxe4 dxe4 15. Bxe4 Qb6 16. Bd5 Bf5 17. Qa4 Kh8 18. Bb3 Rad8 19. Qh4 h5 20. Qa4 Nh6 21. Bh4 Rde8 22. Bg5 Ng4 23. Rf1 Re2 24. Bh4 Rxb2 25. h3 Nh6 26. Rac1 Bxh3 27. Qa3 Re2 28. Bd1 Re4 29. gxh3 Qb5 30. Bg3 Qf5 31. Nh2 Qxh3 32. Bf3 Ree8 33. Bg2 Qf5 34. Nf3 Qd3 35. Rfd1 Qc4 36. Qb3 Qxb3 37. axb3 Re2 38. Re1 Rb2 39. b4 Nf5 40. Bh2 Rb3 41. Ne5 Nxe5 42. Bxe5 b6 43. Bxg7+ Kxg7 44. Rc2 Rc8 45. c4 Rxb4 46. Bd5 b5 47. c5 Rg4+ 48. Kh2 a5 49. c6 Nd4 50. Rcc1 b4 51. Red1 Nf5 52. c7 Rh4+ 53. Kg2 Nd6 54. Be6 Rxc7 55. Rxc7+ Kf6 56. Rxd6 Ke5 57. Ra6 a4 58. Bh3 b3 59. Rc5+ Kd4 60. Rb5 Kc3 61. Rc5+ Kb2 62. Kg3 Rd4 63. Rca5 Ka3 64. Rb6 b2 65. Rab5 Rd3+ 66. Kg2 Rb3 67. Rxb3+ axb3 68. Ra6+ Kb4 69. Rb6+ Kc3 70. Rc6+ Kd2 71. Rd6+ Kc1 72. Rc6+ Kd2 73. Rd6+ Kc1 74. Rc6+ Kd2 75. Rd6+ Kc1 1/2-1/2

[Event "2nd FIDE WCC Rapid G12"]
[Site "Minsk"]
[Date "2018.06.22"]
[Round "4"]
[White "Nguyen, Hong Nhung"]
[Black "Khatniuk, Anastasiia"]
[Result "1-0"]
[ECO "C45"]
[WhiteElo "1518"]
[BlackElo "1749"]
[Annotator "NA RC"]
[PlyCount "83"]
[EventDate "2018.06.22"]
[EventType "rapid"]
[EventCountry "BLR"]
[SourceTitle "playchess.com"]
[Source "ChessBase"]
[SourceQuality "1"]
[TimeControl "600+5"]

1. e4 e5 2. Nf3 Nc6 3. d4 exd4 4. Nxd4 Bc5 5. Be3 Qf6 6. c3 Nge7 7. Bc4 d6 8. O-O Ne5 9. Be2 O-O 10. Kh1 Bb6 11. f4 N5c6 12. g4 Ng6 13. g5 Qe7 14. Nd2 Re8 15. f5 Nge5 16. f6 Qf8 17. fxg7 Qxg7 18. Bh5 Nd8 19. Nc2 Ne6 20. h4 Bd7 21. Bxb6 axb6 22. Ne3 Nc5 23. Nd5 Kh8 24. Nxc7 Rac8 25. Nxe8 Rxe8 26. b4 Ncd3 27. Nf3 Nxf3 28. Bxf3 Ne5 29. Qxd6 Bb5 30. Rf2 Nxf3 31. Rxf3 Bc6 32. Re3 Bxe4+ 33. Kg1 Bc6 34. Rxe8+ Bxe8 35. Re1 Bc6 36. Qd8+ Qg8 37. Qxg8+ Kxg8 38. Kf2 Kg7 39. Ke3 Kg6 40. Kf4 b5 41. Rd1 Kh5 42. Rd6 1-0

[Event "2nd FIDE WCC Rapid G12"]
[Site "Minsk"]
[Date "2018.06.22"]
[Round "4"]
[White "Andrukhovich, Elizaveta"]
[Black "Dubovyk, Anastasiia"]
[Result "0-1"]
[ECO "B24"]
[WhiteElo "1472"]
[BlackElo "1721"]
[Annotator "NA RC"]
[PlyCount "126"]
[EventDate "2018.06.22"]
[EventType "rapid"]
[EventCountry "BLR"]
[SourceTitle "playchess.com"]
[Source "ChessBase"]
[SourceQuality "1"]
[TimeControl "600+5"]

1. e4 c5 2. Nc3 Nc6 3. g3 g6 4. Bg2 Bg7 5. d3 e6 6. f4 Nge7 7. Nf3 O-O 8. O-O d5 9. exd5 exd5 10. Re1 a6 11. h3 b5 12. g4 Bb7 13. Ne2 Qc7 14. d4 c4 15. Ne5 f6 16. Nxc6 Bxc6 17. Ng3 Rfe8 18. Bd2 Rad8 19. Qf3 f5 20. c3 Kh8 21. g5 Nc8 22. h4 Nd6 23. h5 Ne4 24. Be3 Kg8 25. h6 Bf8 26. Nxe4 dxe4 27. Qe2 Bd5 28. Rac1 Bd6 29. Qf2 a5 30. a3 Qb6 31. Rf1 Rb8 32. Rb1 b4 33. axb4 axb4 34. Ra1 Ra8 35. Qd2 Ra5 36. Rxa5 Qxa5 37. Rc1 Ra8 38. Bf1 b3 39. Qd1 Qc7 40. Qd2 Ra2 41. Rb1 Qa5 42. Qc1 Qa8 43. Be2 Kf7 44. Qf1 Qc6 45. Qc1 Qc7 46. Qf1 Be7 47. Bd1 Qb8 48. Be2 Bxg5 49. fxg5 Qg3+ 50. Qg2 Qxe3+ 51. Kh1 Qf4 52. Rf1 Qd6 53. Bd1 e3 54. Bf3 Bxf3 55. Rxf3 Ra1+ 56. Rf1 Rxf1+ 57. Qxf1 Qd5+ 58. Kg1 Ke6 59. Qf4 Qe4 60. Qh2 Qb1+ 61. Kg2 Qxb2+ 62. Kg3 Qxh2+ 63. Kxh2 e2 0-1

[Event "2nd FIDE WCC Rapid G12"]
[Site "Minsk"]
[Date "2018.06.22"]
[Round "4"]
[White "Osmolovska, Yevheniia"]
[Black "Omonova, Umida"]
[Result "0-1"]
[ECO "B30"]
[WhiteElo "1391"]
[BlackElo "1733"]
[Annotator "NA RC"]
[PlyCount "38"]
[EventDate "2018.06.22"]
[EventType "rapid"]
[EventCountry "BLR"]
[SourceTitle "playchess.com"]
[Source "ChessBase"]
[SourceQuality "1"]
[TimeControl "600+5"]

1. e4 c5 2. Nf3 Nc6 3. c3 d5 4. exd5 Qxd5 5. Be2 Nf6 6. O-O e5 7. d3 Be7 8. Bg5 O-O 9. Nbd2 Bf5 10. Nb3 Rad8 11. Be3 b6 12. Ne1 Qe6 13. Qc1 Nd5 14. a4 Nxe3 15. fxe3 Bg6 16. Bf3 Bg5 17. c4 Nb4 18. d4 exd4 19. exd4 Bxc1 0-1

[Event "2nd FIDE WCC Rapid G12"]
[Site "Minsk"]
[Date "2018.06.22"]
[Round "4"]
[White "Nguyen, Linh Dan"]
[Black "Shaban, Aliaksandra"]
[Result "1/2-1/2"]
[ECO "C11"]
[WhiteElo "1325"]
[BlackElo "1425"]
[Annotator "NA RC"]
[PlyCount "142"]
[EventDate "2018.06.22"]
[EventType "rapid"]
[EventCountry "BLR"]
[SourceTitle "playchess.com"]
[Source "ChessBase"]
[SourceQuality "1"]
[TimeControl "600+5"]

1. e4 Nf6 2. Nc3 d5 3. e5 Nfd7 4. d4 e6 5. f4 c5 6. Nf3 Nc6 7. Be3 Qb6 8. Rb1 cxd4 9. Nxd4 Be7 10. Bb5 Qc7 11. O-O O-O 12. Kh1 a6 13. Be2 Nxd4 14. Bxd4 Bc5 15. Bxc5 Nxc5 16. Qd4 Nd7 17. Rbd1 Qc5 18. Qxc5 Nxc5 19. b4 Nd7 20. a4 b6 21. Bf3 Bb7 22. Ne2 Rac8 23. Nd4 Rc4 24. f5 exf5 25. Nxf5 Nxe5 26. Bxd5 Bxd5 27. Rxd5 Ng4 28. Rd4 Rxd4 29. Nxd4 Ne3 30. Rf3 Nd5 31. b5 axb5 32. axb5 Ra8 33. h3 g6 34. c4 Nc7 35. Rf6 Ra1+ 36. Kh2 Na8 37. Rc6 Kg7 38. Nb3 Ra3 39. Nd4 Rd3 40. Nf3 Rd7 41. Ne5 Rc7 42. Rxc7 Nxc7 43. Kg3 f6 44. Nd7 Na8 45. Kf4 Kf7 46. Ke4 Ke7 47. Nb8 Kd6 48. Na6 f5+ 49. Kf4 h6 50. g4 fxg4 51. hxg4 Ke6 52. Ke4 Kd6 53. Kf4 Ke6 54. Nb4 Nc7 55. Nd3 Ne8 56. Ne5 Nd6 57. Nxg6 Nxc4 58. Nf8+ Ke7 59. Ng6+ Kf6 60. Nf8 Kf7 61. Nd7 Ke7 62. Ne5 Nd6 63. Nc6+ Kf6 64. Nd4 Nc8 65. Nf5 Kg6 66. Ke4 Kg5 67. Kd5 Kxg4 68. Nxh6+ Kg5 69. Nf7+ Kf6 70. Nd6 Ne7+ 71. Kc4 Ke6 1/2-1/2